[Event "GER-ch Youth U12W 2020"]
[Site "Willingen"]
[Date "2020.10.28"]
[Round "2.3"]
[White "Peglau, Charis"]
[Black "Petrosyan, Ani"]
[Result "1-0"]
[ECO "C10"]
[WhiteElo "1768"]
[BlackElo "1370"]
[Annotator "NA RC"]
[PlyCount "85"]
[EventDate "2020.10.27"]
[EventType "swiss"]
[EventRounds "7"]
[EventCountry "GER"]
[SourceTitle "playchess.com"]
[Source "ChessBase"]
[SourceQuality "1"]
[TimeControl "40/5400+30:1800+30"]

1. d4 e6 2. e4 d5 3. Nc3 dxe4 4. Nxe4 Nd7 5. Nf3 Ngf6 6. Bd3 Nxe4 7. Bxe4 Nf6 8. Bd3 Be7 9. c3 b6 10. Ne5 Bd7 11. Qf3 O-O 12. Bg5 h6 13. Bxf6 Bxf6 14. Qe4 Re8 15. Qh7+ Kf8 16. Be4 Bxe5 17. dxe5 Bb5 18. Rd1 Qc8 19. Qh8+ Ke7 20. Qxg7 Rg8 21. Qf6+ Ke8 22. c4 Bd7 23. Rxd7 Qxd7 24. Bxa8 c6 25. Qf3 Ke7 26. Bxc6 Qd4 27. Qf6+ Kf8 28. Qxh6+ Ke7 29. Qd2 Qxe5+ 30. Qe2 Qc7 31. Bf3 Rd8 32. O-O Rh8 33. h3 Rh4 34. Bg4 Rh8 35. Re1 Qc6 36. Qe4 Qd6 37. Qb7+ Kf6 38. Re3 Kg7 39. Rxe6 Qd4 40. Qe4 Qd8 41. Qe5+ Kh7 42. Bf5+ Kg8 43. Re8+ 1-0

[Event "GER-ch Youth U12W 2020"]
[Site "Willingen"]
[Date "2020.10.28"]
[Round "2.4"]
[White "Cerkez, Lorena"]
[Black "Peglau, Dora"]
[Result "0-1"]
[ECO "B41"]
[WhiteElo "1258"]
[BlackElo "1683"]
[Annotator "NA RC"]
[PlyCount "120"]
[EventDate "2020.10.27"]
[EventType "swiss"]
[EventRounds "7"]
[EventCountry "GER"]
[SourceTitle "playchess.com"]
[Source "ChessBase"]
[SourceQuality "1"]
[TimeControl "40/5400+30:1800+30"]

1. e4 c5 2. Nf3 e6 3. d4 cxd4 4. Nxd4 a6 5. c4 d6 6. Nc3 Nf6 7. Be2 Be7 8. Be3 Qc7 9. Qc2 b6 10. O-O Bb7 11. f3 Nbd7 12. Rac1 O-O 13. b3 Rac8 14. Qd1 Qb8 15. Bf2 Bd8 16. Bd3 Bc7 17. f4 Nc5 18. Qe2 Nxd3 19. Qxd3 d5 20. cxd5 Bxf4 21. Bg3 Bxg3 22. hxg3 exd5 23. Nxd5 Nxd5 24. exd5 Bxd5 25. Nf5 Rxc1 26. Rxc1 Be6 27. Ne7+ Kh8 28. Rc3 Rd8 29. Qf3 Qd6 30. Nc6 Rc8 31. Rd3 Qc5+ 32. Kh2 h6 33. Rd8+ Rxd8 34. Nxd8 Bd5 35. Nxf7+ Kg8 36. Nxh6+ gxh6 37. Qg4+ Kh8 38. Qh5 Qc6 39. Qe5+ Kg8 40. Qe2 a5 41. Qg4+ Kf8 42. Qf4+ Ke7 43. Qe5+ Kd7 44. Qg7+ Kc8 45. Qf8+ Kb7 46. Qe7+ Ka6 47. Qe2+ Qb5 48. Qc2 Bb7 49. g4 Qe5+ 50. g3 Qe4 51. Qxe4 Bxe4 52. Kh3 Bb1 53. a3 Bc2 54. b4 axb4 55. axb4 Kb5 56. Kh4 Bg6 57. g5 hxg5+ 58. Kxg5 Bd3 59. Kf4 Kxb4 60. Ke3 Kc3 0-1

[Event "GER-ch Youth U12W 2020"]
[Site "Willingen"]
[Date "2020.10.28"]
[Round "2.5"]
[White "Khanbekyan, Nare"]
[Black "Wilmink, Anna"]
[Result "0-1"]
[ECO "B27"]
[WhiteElo "1329"]
[BlackElo "1608"]
[Annotator "NA RC"]
[PlyCount "140"]
[EventDate "2020.10.27"]
[EventType "swiss"]
[EventRounds "7"]
[EventCountry "GER"]
[SourceTitle "playchess.com"]
[Source "ChessBase"]
[SourceQuality "1"]
[TimeControl "40/5400+30:1800+30"]

1. e4 c5 2. Nf3 g6 3. d4 cxd4 4. Nxd4 Bg7 5. c4 Nf6 6. Nc3 Nc6 7. Be3 O-O 8. Be2 b6 9. O-O Bb7 10. f3 d6 11. Qd2 Nd7 12. Rac1 Rc8 13. b3 Nc5 14. Nd5 Qd7 15. Rfd1 Rfd8 16. Nb5 Ba8 17. Bh6 Ne5 18. Bxg7 Kxg7 19. Qd4 f6 20. f4 Nf7 21. f5 g5 22. b4 Na6 23. Qe3 Bxd5 24. Rxd5 Nxb4 25. Rd2 Nc6 26. Nd4 Nxd4 27. Rxd4 Ne5 28. a4 Qxa4 29. c5 Qc6 30. Ba6 Rc7 31. Rd5 bxc5 32. Be2 Rb8 33. g3 Rcb7 34. h4 h6 35. Bd3 Rb3 36. Qe2 Qb6 37. Kg2 Rb2 38. Rc2 Nxd3 39. Rxd3 Rxc2 40. Qxc2 Qb2 41. Qxb2 Rxb2+ 42. Kf3 c4 43. Rd1 Kf7 44. Rc1 Rb4 45. Ke3 e5 46. fxe6+ Kxe6 47. Kd4 a5 48. Ra1 c3+ 49. Kxc3 Rxe4 50. hxg5 hxg5 51. Kd3 Rg4 52. Re1+ Kd5 53. Rg1 f5 54. Kc2 f4 55. Rd1+ Ke6 56. Re1+ Kd7 57. Ra1 Rxg3 58. Rxa5 f3 59. Rf5 g4 60. Kd3 f2+ 61. Ke2 Rf3 62. Rxf3 gxf3+ 63. Kxf2 Kc6 64. Kxf3 Kc5 65. Ke2 Kd4 66. Kd2 d5 67. Kc1 Kd3 68. Kd1 d4 69. Kc1 Ke2 70. Kc2 d3+ 0-1

[Event "GER-ch Youth U12W 2020"]
[Site "Willingen"]
[Date "2020.10.28"]
[Round "2.6"]
[White "Wartenberg, Alissa"]
[Black "Glotz, Diana"]
[Result "1-0"]
[ECO "C47"]
[WhiteElo "1463"]
[BlackElo "1098"]
[Annotator "NA RC"]
[PlyCount "119"]
[EventDate "2020.10.27"]
[EventType "swiss"]
[EventRounds "7"]
[EventCountry "GER"]
[SourceTitle "playchess.com"]
[Source "ChessBase"]
[SourceQuality "1"]
[TimeControl "40/5400+30:1800+30"]

1. e4 e5 2. Nf3 Nc6 3. Nc3 Nf6 4. d4 exd4 5. Nxd4 Bb4 6. Nxc6 bxc6 7. Bd3 d5 8. exd5 cxd5 9. O-O O-O 10. Bg5 c6 11. Qf3 Bd6 12. Rfe1 Rb8 13. Rab1 Bc7 14. h3 Ba5 15. Red1 Bc7 16. Ne2 Be5 17. Bf4 Bxf4 18. Nxf4 Re8 19. Qg3 Qd6 20. Nxd5 Qxg3 21. Nxf6+ gxf6 22. fxg3 Be6 23. b3 Rbd8 24. Rf1 Kg7 25. Rf4 Rd6 26. Rbf1 Bd7 27. Ra4 Ra8 28. Re4 Re8 29. Ra4 Ra8 30. Rff4 a5 31. b4 c5 32. Rxa5 Rxa5 33. bxa5 Bc8 34. Ra4 Ba6 35. Bxa6 Rxa6 36. Kf2 Kg6 37. Ke3 Kf5 38. Kd3 Rd6+ 39. Kc3 Rd8 40. a6 Ke6 41. a7 Ra8 42. Kc4 Kd6 43. Ra6+ Kc7 44. Kxc5 Kb7 45. Rxf6 Rf8 46. Kb4 Kxa7 47. Rh6 Rh8 48. Rd6 Kb8 49. Rd7 Rf8 50. a4 Ka8 51. Ka3 Kb8 52. c4 Kc8 53. Re7 Kd8 54. Ra7 Re8 55. Ra8+ Kd7 56. Rxe8 Kxe8 57. a5 Kd8 58. c5 Kc7 59. Kb4 Kb7 60. Kb5 1-0

[Event "GER-ch Youth U12W 2020"]
[Site "Willingen"]
[Date "2020.10.28"]
[Round "2.7"]
[White "Jacobasch, Ronja"]
[Black "Moldovan, Stela"]
[Result "1-0"]
[ECO "A04"]
[WhiteElo "1549"]
[BlackElo "1219"]
[Annotator "NA RC"]
[PlyCount "117"]
[EventDate "2020.10.27"]
[EventType "swiss"]
[EventRounds "7"]
[EventCountry "GER"]
[SourceTitle "playchess.com"]
[Source "ChessBase"]
[SourceQuality "1"]
[TimeControl "40/5400+30:1800+30"]

1. Nf3 a6 2. g3 d5 3. Bg2 Nf6 4. O-O e6 5. d3 h6 6. Nbd2 Nc6 7. e4 Bb4 8. e5 Nd7 9. c3 Ba5 10. d4 Nb6 11. Re1 Nc4 12. Nxc4 dxc4 13. Nd2 Bb6 14. Nxc4 Ba7 15. Ne3 Ne7 16. Qg4 Ng6 17. Be4 Qg5 18. Qf3 Rb8 19. Nc4 Qe7 20. Na5 c5 21. Be3 Qc7 22. Nc4 O-O 23. Rac1 Bd7 24. Nd6 Bc6 25. Qg4 Bxe4 26. Nxe4 cxd4 27. cxd4 Qd8 28. Red1 Rc8 29. Rxc8 Qxc8 30. h4 Kh8 31. Qh5 Kh7 32. Ng5+ Kg8 33. Ne4 Qd8 34. Bxh6 Qe7 35. Bg5 f6 36. exf6 Qf7 37. fxg7 Qxg7 38. Bh6 Qh7 39. Qg5 Rf5 40. Qd8+ Nf8 41. Nf6+ Rxf6 42. Qxf6 Qf7 43. Qxf7+ Kxf7 44. d5 exd5 45. Rxd5 Ke8 46. Re5+ Kf7 47. Re4 Ng6 48. h5 Nh8 49. Rf4+ Kg8 50. Rf5 Nf7 51. Bf4 b5 52. g4 a5 53. g5 b4 54. g6 b3 55. gxf7+ Kh7 56. axb3 a4 57. f8=Q Bxf2+ 58. Kxf2 axb3 59. Rf7# 1-0

[Event "GER-ch Youth U12W 2020"]
[Site "Willingen"]
[Date "2020.10.28"]
[Round "2.8"]
[White "Rosin, Ida"]
[Black "Haug, Mara"]
[Result "0-1"]
[ECO "C45"]
[WhiteElo "1387"]
[BlackElo "1366"]
[Annotator "NA RC"]
[PlyCount "50"]
[EventDate "2020.10.27"]
[EventType "swiss"]
[EventRounds "7"]
[EventCountry "GER"]
[SourceTitle "playchess.com"]
[Source "ChessBase"]
[SourceQuality "1"]
[TimeControl "40/5400+30:1800+30"]

1. e4 e5 2. Nf3 Nc6 3. d4 exd4 4. Nxd4 Bc5 5. Be3 Qf6 6. Nxc6 Bxe3 7. fxe3 dxc6 8. Nc3 Bd7 9. Bd3 Qh4+ 10. g3 Qg5 11. Qd2 O-O-O 12. O-O-O Nf6 13. Rhg1 c5 14. h4 Qe5 15. Qe1 Bc6 16. Rf1 Rhf8 17. Rf5 Qe7 18. e5 Nd7 19. Rh5 h6 20. Bf5 Kb8 21. Bxd7 Bxd7 22. Nd5 Qe6 23. Qa5 Qc6 24. Qc3 Bg4 25. Ne7 Rxd1# 0-1

[Event "GER-ch Youth U12W 2020"]
[Site "Willingen"]
[Date "2020.10.28"]
[Round "2.9"]
[White "Modali, Nikhilamrutha"]
[Black "Arnold, Rubina"]
[Result "0-1"]
[ECO "B01"]
[WhiteElo "1193"]
[BlackElo "1414"]
[Annotator "NA RC"]
[PlyCount "68"]
[EventDate "2020.10.27"]
[EventType "swiss"]
[EventRounds "7"]
[EventCountry "GER"]
[SourceTitle "playchess.com"]
[Source "ChessBase"]
[SourceQuality "1"]
[TimeControl "40/5400+30:1800+30"]

1. e4 d5 2. exd5 Nf6 3. Bb5+ Bd7 4. Be2 Nxd5 5. d4 g6 6. c4 Nb6 7. Nc3 Bg7 8. Nf3 Nc6 9. Be3 Bf5 10. a3 a5 11. d5 Ne5 12. Nxe5 Bxe5 13. Bd4 Bxd4 14. Qxd4 O-O 15. O-O c6 16. Bf3 Rc8 17. Rad1 c5 18. Qf4 Qd6 19. Qc1 Qf6 20. Rfe1 Nxc4 21. g4 Bd7 22. Ne4 Qxf3 23. Qxc4 Qxg4+ 24. Kf1 Qh3+ 25. Kg1 Qg4+ 26. Kf1 Qf3 27. Ng5 Qh1+ 28. Ke2 Qxh2 29. Nxh7 Qxh7 30. Rh1 Qg7 31. Qh4 Bb5+ 32. Ke3 Qe5+ 33. Kf3 Qf6+ 34. Kg2 Qxh4 0-1

[Event "GER-ch Youth U12W 2020"]
[Site "Willingen"]
[Date "2020.10.28"]
[Round "2.10"]
[White "Schwenke, Mia"]
[Black "Heuberger, Sandra"]
[Result "1/2-1/2"]
[ECO "C55"]
[WhiteElo "1265"]
[BlackElo "1004"]
[Annotator "NA RC"]
[PlyCount "77"]
[EventDate "2020.10.27"]
[EventType "swiss"]
[EventRounds "7"]
[EventCountry "GER"]
[SourceTitle "playchess.com"]
[Source "ChessBase"]
[SourceQuality "1"]
[TimeControl "40/5400+30:1800+30"]

1. e4 e5 2. Nf3 Nc6 3. Bc4 Nf6 4. d3 Be7 5. O-O O-O 6. Re1 d5 7. exd5 Nxd5 8. Nxe5 Nxe5 9. Rxe5 c6 10. Nd2 b5 11. Bxd5 cxd5 12. Nf3 Bb7 13. d4 Re8 14. Bf4 Qd7 15. h3 Bd6 16. Rxe8+ Rxe8 17. Bxd6 Qxd6 18. Qd2 h6 19. Re1 Bc6 20. Rxe8+ Bxe8 21. Qe3 Qd8 22. Qa3 Qc7 23. Qb3 Qd6 24. Qe3 Bd7 25. a3 a6 26. Qe5 Qxe5 27. Nxe5 Bf5 28. c3 f6 29. Nf3 Kf7 30. Kf1 Ke7 31. Ke2 Kd6 32. Nh4 Bh7 33. Nf3 Bg6 34. Nd2 Bc2 35. Nf1 Be4 36. f3 Bh7 37. Ke3 Ke6 38. Ng3 g5 39. Ne2 1/2-1/2

[Event "GER-ch Youth U12W 2020"]
[Site "Willingen"]
[Date "2020.10.28"]
[Round "2.11"]
[White "Lorenz, Veronika"]
[Black "Steinlechner, Katja"]
[Result "1-0"]
[ECO "B14"]
[WhiteElo "1273"]
[BlackElo "1366"]
[Annotator "NA RC"]
[PlyCount "55"]
[EventDate "2020.10.27"]
[EventType "swiss"]
[EventRounds "7"]
[EventCountry "GER"]
[SourceTitle "playchess.com"]
[Source "ChessBase"]
[SourceQuality "1"]
[TimeControl "40/5400+30:1800+30"]

1. e4 c6 2. d4 d5 3. exd5 cxd5 4. c4 e6 5. Nc3 Nf6 6. Nf3 Nc6 7. cxd5 Nxd5 8. Bd3 Bb4 9. Bd2 Bxc3 10. bxc3 O-O 11. O-O Qc7 12. Bb1 Nb6 13. Qc2 g6 14. Bh6 Rd8 15. h4 Ne7 16. Bg5 Kg7 17. Qc1 Kf8 18. Bf6 Nbd5 19. Qh6+ Ke8 20. Be5 Qxc3 21. Be4 b5 22. Qxh7 a5 23. Rac1 Qa3 24. Ng5 Qxa2 25. Qxf7+ Kd7 26. Qxe6+ Ke8 27. Bxg6+ Kf8 28. Qf7# 1-0

[Event "GER-ch Youth U12W 2020"]
[Site "Willingen"]
[Date "2020.10.28"]
[Round "2.12"]
[White "Fischer, Juliane"]
[Black "Margaryan, Venera"]
[Result "1-0"]
[ECO "C00"]
[WhiteElo "1509"]
[BlackElo "1457"]
[Annotator "NA RC"]
[PlyCount "57"]
[EventDate "2020.10.27"]
[EventType "swiss"]
[EventRounds "7"]
[EventCountry "GER"]
[SourceTitle "playchess.com"]
[Source "ChessBase"]
[SourceQuality "1"]
[TimeControl "40/5400+30:1800+30"]

1. e4 e6 2. d4 d5 3. Bd3 c5 4. exd5 exd5 5. Nf3 c4 6. Be2 Nf6 7. b3 b5 8. a4 Qa5+ 9. Bd2 Bb4 10. Bxb4 Qxb4+ 11. Qd2 Qxd2+ 12. Nbxd2 Nc6 13. O-O Nb4 14. c3 Nd3 15. Bxd3 cxd3 16. Rfe1+ Kf8 17. Re3 Ba6 18. axb5 Bxb5 19. c4 Ba6 20. Rxa6 dxc4 21. bxc4 Ng4 22. Rxd3 g6 23. Rda3 Re8 24. Rxa7 Re2 25. h3 Nf6 26. Ra8+ Ne8 27. d5 Kg7 28. Re3 Rxe3 29. fxe3 1-0

[Event "GER-ch Youth U12W 2020"]
[Site "Willingen"]
[Date "2020.10.28"]
[Round "2.13"]
[White "Bako, Evelin"]
[Black "Eichhorn, Mathilda"]
[Result "1-0"]
[ECO "C07"]
[WhiteElo "1192"]
[BlackElo "1560"]
[Annotator "NA RC"]
[PlyCount "71"]
[EventDate "2020.10.27"]
[EventType "swiss"]
[EventRounds "7"]
[EventCountry "GER"]
[SourceTitle "playchess.com"]
[Source "ChessBase"]
[SourceQuality "1"]
[TimeControl "40/5400+30:1800+30"]

1. d4 e6 2. e4 d5 3. Nd2 c5 4. Ngf3 Nc6 5. c3 cxd4 6. Nxd4 Nge7 7. exd5 Nxd4 8. cxd4 Qxd5 9. Nf3 Nc6 10. a3 Be7 11. Bd3 O-O 12. Be3 Rd8 13. O-O e5 14. Qc2 h6 15. Bh7+ Kh8 16. dxe5 Nxe5 17. Be4 Nxf3+ 18. Bxf3 Qe5 19. Qb3 Bd6 20. g3 Rd7 21. Rad1 Bc5 22. Rxd7 Bxd7 23. Bxc5 Qxc5 24. Qxb7 Rd8 25. Rd1 Bh3 26. Rxd8+ Kh7 27. Be4+ f5 28. Bf3 Qe5 29. Rd1 f4 30. Qe4+ Qxe4 31. Bxe4+ g6 32. gxf4 Bg4 33. Rc1 h5 34. Rc7+ Kh6 35. Rc6 Kh7 36. Rxg6 1-0

[Event "GER-ch Youth U12W 2020"]
[Site "Willingen"]
[Date "2020.10.28"]
[Round "2.14"]
[White "Czäczine, Laura"]
[Black "Moldovan, Tatiana"]
[Result "1-0"]
[ECO "B28"]
[WhiteElo "1309"]
[BlackElo "1516"]
[Annotator "NA RC"]
[PlyCount "111"]
[EventDate "2020.10.27"]
[EventType "swiss"]
[EventRounds "7"]
[EventCountry "GER"]
[SourceTitle "playchess.com"]
[Source "ChessBase"]
[SourceQuality "1"]
[TimeControl "40/5400+30:1800+30"]

1. e4 c5 2. Nf3 a6 3. c3 e6 4. d4 d5 5. e5 Bd7 6. a3 cxd4 7. cxd4 Bb5 8. Bxb5+ axb5 9. O-O Nc6 10. Nc3 b4 11. Nb5 bxa3 12. bxa3 Na7 13. Nc3 h6 14. Qa4+ Nc6 15. Qb5 Qd7 16. Bb2 Ra5 17. Qd3 Nge7 18. Nb5 Ng6 19. g3 Be7 20. Rfb1 Ncxe5 21. dxe5 Rxb5 22. Nd4 Rb6 23. Nc2 O-O 24. a4 Rc8 25. a5 Rb5 26. Nd4 Rb4 27. Nc2 Rbc4 28. Ne3 R4c6 29. Bd4 Qc7 30. f4 Bc5 31. Bxc5 Rxc5 32. Kg2 Rc3 33. Qe2 d4 34. Qf3 dxe3 35. Rxb7 Qc6 36. Qxc6 R3xc6 37. Kf3 R6c7 38. a6 Rxb7 39. axb7 Rb8 40. Ra8 Rxa8 41. bxa8=Q+ Nf8 42. Kxe3 g6 43. g4 Kg7 44. g5 h5 45. Qd8 Kg8 46. Kd4 Kg7 47. Kc5 Kg8 48. Kd6 Kg7 49. Qf6+ Kg8 50. Ke7 Nh7 51. Qxf7+ Kh8 52. Qxg6 h4 53. h3 Nf8 54. Qh6+ Nh7 55. g6 Kg8 56. Qxh7# 1-0

[Event "GER-ch Youth U12W 2020"]
[Site "Willingen"]
[Date "2020.10.28"]
[Round "2.15"]
[White "Stepanjan, Marianne"]
[Black "Hoffmann, Sophia"]
[Result "1-0"]
[ECO "C89"]
[WhiteElo "1351"]
[BlackElo "1345"]
[Annotator "NA RC"]
[PlyCount "139"]
[EventDate "2020.10.27"]
[EventType "swiss"]
[EventRounds "7"]
[EventCountry "GER"]
[SourceTitle "playchess.com"]
[Source "ChessBase"]
[SourceQuality "1"]
[TimeControl "40/5400+30:1800+30"]

1. e4 e5 2. Nf3 Nc6 3. Bb5 a6 4. Ba4 Nf6 5. O-O b5 6. Bb3 Be7 7. Re1 O-O 8. c3 d5 9. exd5 Nxd5 10. Nxe5 Nxe5 11. Rxe5 Nf6 12. d4 Bd6 13. Re1 Ng4 14. h3 Nxf2 15. Kxf2 Qh4+ 16. Kg1 Bxh3 17. Bd5 Bg4 18. Bf3 Bxf3 19. gxf3 Qh2+ 20. Kf1 Qh1+ 21. Ke2 Rae8+ 22. Be3 Qg2+ 23. Kd3 Qxb2 24. Nd2 b4 25. Qb3 bxc3 26. Qxb2 cxb2 27. Rab1 Rb8 28. Nc4 f5 29. Rxb2 Rxb2 30. Nxb2 f4 31. Bd2 Kf7 32. Nc4 g5 33. Ne5+ Bxe5 34. dxe5 Ke6 35. Bc3 h5 36. Rg1 Rg8 37. Ke4 c6 38. Bd2 Rd8 39. Bb4 Rg8 40. Rd1 Rb8 41. Rd6+ Kf7 42. e6+ Ke8 43. Ba3 Rd8 44. Rxc6 Ra8 45. e7 Kf7 46. Rd6 Re8 47. Rd8 Rxe7+ 48. Bxe7 Kxe7 49. Rh8 h4 50. Kf5 Kd6 51. Kxg5 Kc5 52. Rxh4 Kb4 53. Rxf4+ Ka3 54. Re4 Kxa2 55. Ra4+ Kb3 56. Rxa6 Kc4 57. Re6 Kd5 58. Re1 Kd4 59. f4 Kd3 60. f5 Kd2 61. Re8 Kd3 62. f6 Kd4 63. f7 Kd5 64. f8=Q Kd4 65. Qd6+ Kc4 66. Rc8+ Kb5 67. Qc5+ Ka6 68. Qb4 Ka7 69. Rc1 Ka6 70. Ra1# 1-0

[Event "GER-ch Youth U12W 2020"]
[Site "Willingen"]
[Date "2020.10.28"]
[Round "2.16"]
[White "Müller, Riyanna"]
[Black "Flierl, Veronika"]
[Result "1-0"]
[ECO "B19"]
[WhiteElo "1460"]
[BlackElo "1404"]
[Annotator "NA RC"]
[PlyCount "49"]
[EventDate "2020.10.27"]
[EventType "swiss"]
[EventRounds "7"]
[EventCountry "GER"]
[SourceTitle "playchess.com"]
[Source "ChessBase"]
[SourceQuality "1"]
[TimeControl "40/5400+30:1800+30"]

1. e4 c6 2. d4 d5 3. Nc3 dxe4 4. Nxe4 Bf5 5. Ng3 Bg6 6. h4 h6 7. Nf3 Nd7 8. h5 Bh7 9. Bd3 Bxd3 10. Qxd3 e6 11. Be3 Ngf6 12. O-O-O Qc7 13. Kb1 O-O-O 14. c4 Bd6 15. Ne4 Nxe4 16. Qxe4 Nf6 17. Qc2 Kb8 18. g3 Ka8 19. Qa4 Rc8 20. c5 Be7 21. Bf4 Qd8 22. Rd3 Nd5 23. Qxa7+ Kxa7 24. Ra3+ Qa5 25. Rxa5# 1-0

[Event "GER-ch Youth U12W 2020"]
[Site "Willingen"]
[Date "2020.10.28"]
[Round "2.17"]
[White "Pröttel, Ela"]
[Black "Hergenröder, Cora"]
[Result "1/2-1/2"]
[ECO "B01"]
[WhiteElo "1229"]
[BlackElo "1422"]
[Annotator "NA RC"]
[PlyCount "115"]
[EventDate "2020.10.27"]
[EventType "swiss"]
[EventRounds "7"]
[EventCountry "GER"]
[SourceTitle "playchess.com"]
[Source "ChessBase"]
[SourceQuality "1"]
[TimeControl "40/5400+30:1800+30"]

1. e4 d5 2. exd5 Qxd5 3. Nf3 Bg4 4. Be2 Nc6 5. d4 e6 6. O-O O-O-O 7. c3 Nf6 8. Ng5 Bxe2 9. Qxe2 Rd7 10. Nd2 Qxg5 11. a4 Bd6 12. Nc4 Qh5 13. Nxd6+ Rxd6 14. Qd3 e5 15. Qg3 exd4 16. Bf4 Rd7 17. Qxg7 Rg8 18. Qxf6 Qg4 19. Bg3 dxc3 20. bxc3 h5 21. Qh4 Qg6 22. Kh1 f5 23. Rg1 Rd3 24. Qf4 Rg7 25. Rac1 Qg4 26. Qxg4 hxg4 27. Rgd1 Rxd1+ 28. Rxd1 Re7 29. h3 gxh3 30. gxh3 Rf7 31. f4 a6 32. h4 b5 33. axb5 axb5 34. Rb1 Re7 35. Rxb5 Re3 36. Bf2 Rf3 37. Kg2 Rxc3 38. Rc5 Rxc5 39. Bxc5 Kd7 40. h5 Ke8 41. Kh3 Kf7 42. Kh4 Nd8 43. Bd4 Kg8 44. Be5 c5 45. Kg5 Kh7 46. Kxf5 c4 47. Bc3 Kh6 48. Kg4 Kh7 49. f5 Nf7 50. f6 Nd6 51. Kf4 Kg8 52. Bd2 Kf7 53. Ke5 Ne8 54. Bg5 c3 55. h6 Nxf6 56. Bxf6 Kg6 57. h7 Kxh7 58. Bg5 1/2-1/2

[Event "GER-ch Youth U12W 2020"]
[Site "Willingen"]
[Date "2020.10.28"]
[Round "2.18"]
[White "Heutling, Sarah"]
[Black "Bangiev, Katharina"]
[Result "0-1"]
[ECO "B06"]
[WhiteElo "1197"]
[BlackElo "1539"]
[Annotator "NA RC"]
[PlyCount "120"]
[EventDate "2020.10.27"]
[EventType "swiss"]
[EventRounds "7"]
[EventCountry "GER"]
[SourceTitle "playchess.com"]
[Source "ChessBase"]
[SourceQuality "1"]
[TimeControl "40/5400+30:1800+30"]

1. e4 d6 2. d4 g6 3. Nc3 Bg7 4. Be3 Nf6 5. Nge2 O-O 6. h3 Nc6 7. g4 e5 8. Bg2 exd4 9. Nxd4 Nxd4 10. Bxd4 Re8 11. O-O Be6 12. Qd2 c6 13. a4 Bc4 14. Rfe1 c5 15. Be3 Re6 16. b3 Ba6 17. f4 Nd7 18. Rad1 Bxc3 19. Qxc3 Qc7 20. f5 Re7 21. Bf1 Bxf1 22. Rxf1 Rxe4 23. Bh6 Ne5 24. Rde1 Rxe1 25. Rxe1 Re8 26. Kg2 Qc6+ 27. Kg3 Qb6 28. h4 Qb4 29. Qxb4 cxb4 30. f6 Re6 31. Bg5 Nc6 32. Rf1 Nd4 33. Rf2 Ne2+ 34. Kf3 Nd4+ 35. Kg3 Re2 36. Rf4 Nc6 37. h5 Rxc2 38. Re4 Ne5 39. Rxb4 Rc3+ 40. Kg2 Rc2+ 41. Kf1 Rc7 42. Be3 b6 43. a5 Rb7 44. a6 Rc7 45. Rb5 Kf8 46. Bxb6 axb6 47. Rxb6 Ke8 48. Rxd6 Rd7 49. Rb6 Ra7 50. b4 Kd7 51. Rb7+ Rxb7 52. axb7 Kc7 53. hxg6 hxg6 54. g5 Nf3 55. Kf2 Nxg5 56. Kg3 Ne4+ 57. Kf4 Nxf6 58. Kg5 Ne4+ 59. Kf4 Nd6 60. Kg5 Kxb7 0-1

[Event "GER-ch Youth U12W 2020"]
[Site "Willingen"]
[Date "2020.10.28"]
[Round "2.19"]
[White "Siegel, Irene"]
[Black "Woiteck, Helena"]
[Result "1-0"]
[ECO "C44"]
[WhiteElo "1380"]
[BlackElo "1092"]
[Annotator "NA RC"]
[PlyCount "59"]
[EventDate "2020.10.27"]
[EventType "swiss"]
[EventRounds "7"]
[EventCountry "GER"]
[SourceTitle "playchess.com"]
[Source "ChessBase"]
[SourceQuality "1"]
[TimeControl "40/5400+30:1800+30"]

1. e4 e5 2. Nf3 Nc6 3. d4 exd4 4. Nxd4 Nf6 5. Nc3 Bc5 6. Be3 d6 7. Be2 O-O 8. Nxc6 bxc6 9. Bxc5 dxc5 10. Bd3 Re8 11. Qd2 Bb7 12. O-O-O Rb8 13. e5 Rxe5 14. Bxh7+ Nxh7 15. Qxd8+ Rxd8 16. Rxd8+ Nf8 17. Rhd1 f6 18. R1d7 Ba6 19. Rxc7 Re1+ 20. Kd2 Rh1 21. Rxa7 Bc4 22. Raa8 Kf7 23. Rxf8+ Kg6 24. Ra4 Bf1 25. Rg4+ Kf5 26. Rxg7 Rxh2 27. Nd1 Ba6 28. Re8 Bc4 29. Ne3+ Kf4 30. Rg4# 1-0

[Event "GER-ch Youth U12W 2020"]
[Site "Willingen"]
[Date "2020.10.28"]
[Round "2.20"]
[White "Marrufo, Emilia"]
[Black "Rodermel, Leonie"]
[Result "0-1"]
[ECO "A45"]
[WhiteElo "788"]
[BlackElo "1370"]
[Annotator "NA RC"]
[PlyCount "54"]
[EventDate "2020.10.27"]
[EventType "swiss"]
[EventRounds "7"]
[EventCountry "GER"]
[SourceTitle "playchess.com"]
[Source "ChessBase"]
[SourceQuality "1"]
[TimeControl "40/5400+30:1800+30"]

1. d4 Nf6 2. Bf4 g6 3. e3 Bg7 4. Bd3 O-O 5. Nf3 d6 6. h3 Nbd7 7. O-O Nd5 8. c3 e5 9. dxe5 Nxf4 10. exf4 dxe5 11. fxe5 Nxe5 12. Nxe5 Bxe5 13. Qe2 Re8 14. Nd2 Bh2+ 15. Kxh2 Rxe2 16. Bxe2 Qxd2 17. Rfe1 Be6 18. Rad1 Qxb2 19. Ra1 Qxc3 20. Rec1 Qb2 21. Bf3 c6 22. Rd1 Bf5 23. g4 Qxf2+ 24. Bg2 Be4 25. Rg1 Qf4+ 26. Kh1 Qg3 27. Bxe4 Qxh3# 0-1

[Event "GER-ch Youth U12W 2020"]
[Site "Willingen"]
[Date "2020.10.28"]
[Round "3.1"]
[White "Haug, Mara"]
[Black "Bräutigam, Katerina"]
[Result "0-1"]
[ECO "C50"]
[WhiteElo "1366"]
[BlackElo "1744"]
[Annotator "NA"]
[PlyCount "50"]
[EventDate "2020.10.27"]
[EventType "swiss"]
[EventRounds "7"]
[EventCountry "GER"]
[SourceTitle "playchess.com"]
[Source "ChessBase"]
[SourceQuality "1"]
[TimeControl "40/5400+30:1800+30"]

1. e4 e5 2. Nf3 Nc6 3. Bc4 Bc5 4. O-O Nf6 5. d4 Bxd4 6. Nxd4 Nxd4 7. f4 d6 8. fxe5 dxe5 9. Bg5 Qe7 10. c3 Ne6 11. Bxf6 gxf6 12. Na3 Rg8 13. Nc2 Qc5+ 14. Kh1 Qxc4 15. Qf3 Nf4 16. Ne3 Qe2 17. Qxe2 Nxe2 18. Nd5 Kf8 19. g3 c6 20. Ne3 Nxg3+ 21. hxg3 Rxg3 22. Nf5 Bxf5 23. Rxf5 Ke7 24. Raf1 Rag8 25. a4 Rh3# 0-1

[Event "GER-ch Youth U12W 2020"]
[Site "Willingen"]
[Date "2020.10.28"]
[Round "3.2"]
[White "Arnold, Rubina"]
[Black "Peglau, Charis"]
[Result "0-1"]
[ECO "A04"]
[WhiteElo "1414"]
[BlackElo "1768"]
[Annotator "NA"]
[PlyCount "80"]
[EventDate "2020.10.27"]
[EventType "swiss"]
[EventRounds "7"]
[EventCountry "GER"]
[SourceTitle "playchess.com"]
[Source "ChessBase"]
[SourceQuality "1"]
[TimeControl "40/5400+30:1800+30"]

1. Nf3 c6 2. d4 d5 3. b3 Nf6 4. Bb2 Bf5 5. e3 e6 6. Bd3 Bg6 7. O-O Bd6 8. c4 O-O 9. Ne5 Bxd3 10. Nxd3 Nbd7 11. c5 Bc7 12. Nd2 Qe7 13. Nf3 Ne4 14. Qc2 f6 15. Nd2 Nxd2 16. Qxd2 e5 17. f3 e4 18. fxe4 Qxe4 19. Nf2 Qh4 20. g3 Qg5 21. Nh3 Qg4 22. Qg2 Rae8 23. Rae1 f5 24. Nf4 Nf6 25. Qf3 Re4 26. Ng2 g6 27. Qxg4 Nxg4 28. Nf4 Nxe3 29. Rf3 Rfe8 30. Bc1 Nc2 31. Rxe4 fxe4 32. Rf1 Nxd4 33. Kh1 e3 34. Re1 e2 35. Kg2 Ba5 36. Kf2 Bxe1+ 37. Kxe1 Nf3+ 38. Kf2 e1=Q+ 39. Kxf3 g5 40. Ng2 Qe2# 0-1

[Event "GER-ch Youth U12W 2020"]
[Site "Willingen"]
[Date "2020.10.28"]
[Round "3.3"]
[White "Peglau, Dora"]
[Black "Wartenberg, Alissa"]
[Result "0-1"]
[ECO "A22"]
[WhiteElo "1683"]
[BlackElo "1463"]
[Annotator "NA"]
[PlyCount "42"]
[EventDate "2020.10.27"]
[EventType "swiss"]
[EventRounds "7"]
[EventCountry "GER"]
[SourceTitle "playchess.com"]
[Source "ChessBase"]
[SourceQuality "1"]
[TimeControl "40/5400+30:1800+30"]

1. c4 e5 2. Nc3 Nf6 3. g3 d5 4. cxd5 Nxd5 5. Bg2 Nb6 6. Nf3 Nc6 7. O-O Be6 8. d3 f6 9. Bd2 Qd7 10. Rc1 O-O-O 11. a3 h5 12. h4 Be7 13. b4 Bh3 14. Qb3 Bxg2 15. Kxg2 g5 16. hxg5 fxg5 17. Bxg5 h4 18. Bxe7 Qxe7 19. Ne4 Nd5 20. Rg1 hxg3 21. Nxg3 Qe6 0-1